Kings vs Jets

Created - October 29, 2016 at 13:53

Goals
1 2 3 T
Kings 1 0 1 2
Jets 3 1 2 6
Shots
1 2 3 T
Kings 7 5 8 20
Jets 14 13 9 36

1st period

1. Jets , Jamie Benn 6 (David Krejci, Joe Pavelski) at 0:43
2. Jets , Joe Pavelski 7 (Jamie Benn, David Krejci) at 3:35
3. Jets , David Krejci 2 (Joe Pavelski, Jamie Benn) at 4:59
4. Kings , Dan Hamhuis 1 (Jonathan Toews, Daniel Sedin) at 19:17 (PP)

Penalties :
Mikael Granlund (LOS) for Hooking (Minor) at 16:03, Adam Lowry (WPG) for Interference (Minor) at 18:25

2nd period

5. Jets , Cam Atkinson 4 (Frans Nielsen, Brent Seabrook) at 6:44

Penalties :
Jonathan Toews (LOS) for Hooking (Minor) at 12:51

3rd period

6. Kings , Mikael Granlund 5 (Dan Hamhuis) at 1:41 (PP)
7. Jets , Jamie Benn 7 (David Krejci, Joe Pavelski) at 11:38
8. Jets , Cam Atkinson 5 (Brent Seabrook, Rickard Rakell) at 12:17

Penalties :
Brent Seabrook (WPG) for Diving (Minor) at 0:14, Radko Gudas (WPG) for High sticking (Minor) at 9:27, Rickard Rakell (WPG) for Tripping (Minor) at 13:47, Scott Hartnell (LOS) for Interference (Minor) at 13:47, Fedor Tyutin (LOS) for Slashing (Minor) at 16:17

Goalie Stats

Scott Wedgewood (LOS), 16 saves from 18 shots - (0.889), 33:16 minutes
Steve Mason (LOS), 14 saves from 18 shots - (0.778), L, 4-2-3, 26:44 minutes
Cory Schneider (WPG), 18 saves from 20 shots - (0.900), W, 6-2-1, 60:00 minutes

Players Stats for Kings

Player Name              G  A  P  +/- PIM S  H  SB GA TA FO     MP     PP MP  PK MP  
------------------------------------------------------------------------------------
Alexei Emelin            0  0  0   0  0   0  1  1  0  0  0/0    17:58   0:00   2:30 
Chris Kunitz             0  0  0  -1  0   2  3  0  0  0  0/0    12:41   1:24   1:01 
Colton Sceviour          0  0  0  -1  0   1  0  1  0  0  6/18   14:26   0:00   3:56 
Dan Hamhuis              1  1  2  -3  0   1  0  0  0  0  0/0    22:59   1:24   3:27 
Daniel Sedin             0  1  1  -3  0   3  0  0  0  0  0/0    20:11   2:54   0:00 
Derek MacKenzie          0  0  0  -2  0   1  1  0  0  0  3/9     9:32   0:00   0:46 
Evgeny Medvedev          0  0  0  -3  0   0  1  3  0  0  0/0    16:09   0:00   0:00 
Fedor Tyutin             0  0  0  -3  2   0  4  1  0  0  0/0    16:08   0:00   0:00 
J.T. Brown               0  0  0  -1  0   1  0  0  0  0  1/1    14:41   0:00   4:25 
Jonathan Toews           0  1  1  -3  2   3  2  1  0  0  7/22   21:56   2:54   1:46 
Matt Niskanen            0  0  0   0  0   2  1  1  0  0  0/0    23:21   2:54   2:45 
Mikael Granlund          1  0  1   0  2   2  0  0  0  0  11/14  14:49   1:24   0:00 
Nikita Soshnikov         0  0  0  -2  0   1  0  0  0  0  0/2     8:46   0:00   0:00 
Niklas Kronwall          0  0  0  -3  0   2  2  2  0  0  0/0    22:00   2:54   3:12 
Oscar Lindberg           0  0  0  -2  0   1  1  0  0  0  0/0     8:46   0:00   0:00 
Patrik Berglund          0  0  0   0  0   0  0  0  0  0  0/3    14:36   1:24   0:00 
Scott Hartnell           0  0  0   0  2   0  4  0  0  0  0/0    16:05   2:54   0:00 
Victor Rask              0  0  0  -3  0   0  1  0  0  0  1/3    16:56   1:24   0:00 

Players Stats for Jets

Player Name              G  A  P  +/- PIM S  H  SB GA TA FO     MP     PP MP  PK MP  
------------------------------------------------------------------------------------
Adam Lowry               0  0  0   0  2   2  1  0  0  0  1/1     9:43   0:00   2:57 
Boyd Gordon              0  0  0   0  0   1  0  0  0  0  5/5     7:01   0:00   0:14 
Brent Seabrook           0  2  2   2  2   3  5  1  0  0  0/0    23:02   3:21   0:59 
Cam Atkinson             2  0  2   2  0   6  0  0  0  0  2/2    18:34   2:52   0:00 
David Krejci             1  3  4   4  0   2  0  0  0  0  11/18  19:32   3:05   0:00 
Erik Gustafsson          0  0  0   0  0   0  0  0  0  0  0/0     6:00   0:00   0:00 
Frans Nielsen            0  1  1   2  0   2  0  0  0  0  18/27  20:16   2:52   0:34 
Hampus Lindholm          0  0  0   3  0   2  0  2  0  0  0/0    22:33   3:21   2:02 
Jamie Benn               2  2  4   4  0   9  1  0  0  0  0/1    19:36   2:52   0:00 
Jason Zucker             0  0  0   0  0   0  0  0  0  0  0/0    10:34   0:00   0:53 
Joe Pavelski             1  3  4   4  0   2  0  0  0  0  2/3    19:32   3:05   0:00 
Nate Schmidt             0  0  0   1  0   0  0  0  0  0  0/0    13:52   0:00   0:00 
Nick Bonino              0  0  0   0  0   1  0  0  0  0  4/15   13:25   0:00   3:44 
Patrick Eaves            0  0  0   0  0   2  1  0  0  0  0/0    16:42   0:00   0:14 
Radko Gudas              0  0  0   1  2   0  4  1  0  0  0/0    14:54   0:00   1:03 
Rickard Rakell           0  1  1   2  2   3  6  0  0  0  0/0    18:46   3:05   0:00 
Tobias Enstrom           0  0  0   3  0   1  1  1  0  0  0/0    21:45   2:36   2:16 
Tyler Myers              0  0  0   2  0   0  0  0  0  0  0/0    17:52   2:36   2:16 

3 Stars

1 - Jamie Benn (WPG)
2 - Joe Pavelski (WPG)
3 - David Krejci (WPG)

Power Play

Kings - 2 on 3 Attempt(s) - 66.67%
Jets - 0 on 3 Attempt(s) - 0.00%

Penalty Kill

Kings - 3 on 3 Attempt(s) - 100.00% - Score 0 goal in Penalty Kill
Jets - 1 on 3 Attempt(s) - 33.33% - Score 0 goal in Penalty Kill

Team Stat

Kings - Hits : 21 - Faceoff Wins : 29 - Blocked Shots : 10 - Penalty Minutes : 8
Jets - Hits : 19 - Faceoff Wins : 43 - Blocked Shots : 5 - Penalty Minutes : 8

Official

Referees : Kyle Rehman and Chris Lee
Linesman : Pierre Racicot and Bryan Pancich

Game Notes

Scott Wedgewood enters game at 6:44 of 2nd period

Finance

Level 1 -- Attendance: 5840 (97.33%) -- Ticket Income $572,320
Level 2 -- Attendance: 4921 (98.42%) -- Ticket Income $378,917
Level 3 -- Attendance: 2200 (100.00%) -- Ticket Income $158,400
Level 4 -- Attendance: 1016 (100.00%) -- Ticket Income $67,056
Luxury Box -- Attendance: 745 (93.13%) -- Ticket Income $171,350
Game was played at the MTS Center.
Total Attendance: 14722 (98.04%)
Total Ticket Income: $1,348,043
Other Income: $202,206
Total Income: $1,550,249

% Time on Ice - Kings

Lines # - Real PCT - Wanted PCT - Time Play
Normal Forward
1 - 33% - 40% - 15:32
2 - 28% - 30% - 13:12
3 - 21% - 20% - 10:16
4 - 18% - 10% - 8:46
Normal Defense
1 - 31% - 40% - 14:39
2 - 31% - 30% - 14:35
3 - 34% - 20% - 16:09
4 - 5% - 10% - 2:23
PP Forward
1 - 67% - 60% - 2:54
2 - 33% - 40% - 1:24
PP Defense
1 - 67% - 60% - 2:54
2 - 33% - 40% - 1:24
PK Forward
1 - 91% - 60% - 5:26
2 - 9% - 40% - 0:31
PK Defense
1 - 60% - 60% - 3:33
2 - 40% - 40% - 2:24
PK3 Forward
1 - 0% - 60%
2 - 0% - 40%
PK3 Defense
1 - 0% - 60%
2 - 0% - 40%
44 Forward
1 - 88% - 60% - 1:45
2 - 12% - 40% - 0:14
44 Defense
1 - 55% - 60% - 1:06
2 - 45% - 40% - 0:53
Last Minute Offensive  - 0:00
Last Minute Defensive  - 0:00
Total
Forward - 60:00
Defense - 60:00

% Time on Ice - Jets

Lines # - Real PCT - Wanted PCT - Time Play
Normal Forward
1 - 33% - 34% - 15:36
2 - 33% - 33% - 15:42
3 - 20% - 21% - 9:41
4 - 14% - 12% - 6:47
Normal Defense
1 - 34% - 34% - 16:02
2 - 27% - 33% - 13:00
3 - 29% - 24% - 13:52
4 - 10% - 9% - 4:52
PP Forward
1 - 52% - 63% - 3:05
2 - 48% - 37% - 2:52
PP Defense
1 - 56% - 70% - 3:21
2 - 44% - 30% - 2:36
PK Forward
1 - 95% - 65% - 4:04
2 - 5% - 35% - 0:14
PK Defense
1 - 53% - 60% - 2:16
2 - 47% - 40% - 2:02
PK3 Forward
1 - 0% - 70%
2 - 0% - 30%
PK3 Defense
1 - 0% - 60%
2 - 0% - 40%
44 Forward
1 - 43% - 50% - 0:51
2 - 57% - 50% - 1:08
44 Defense
1 - 57% - 51% - 1:08
2 - 43% - 49% - 0:51
Last Minute Offensive  - 0:00
Last Minute Defensive  - 0:00
Total
Forward - 60:00
Defense - 60:00

Play by Play

1st period


0:01 of 1st period - Jonathan Toews wins face-off versus David Krejci in neutral zone.
0:12 of 1st period - Jamie Benn is hit by Jonathan Toews and loses puck.
0:41 of 1st period - Shot by David Krejci.
0:41 of 1st period - Shot Misses the Net.
0:43 of 1st period - Shot by Jamie Benn.
0:43 of 1st period - Goal by Jamie Benn - Kings : 0 - Jets : 1.
0:44 of 1st period - Frans Nielsen wins face-off versus Mikael Granlund in neutral zone.
0:47 of 1st period - Shot by Brent Seabrook.
0:47 of 1st period - Stopped by Steve Mason with a rebound.
0:49 of 1st period - Shot by Rickard Rakell.
0:49 of 1st period - Stopped by Steve Mason without a rebound.
0:50 of 1st period - Colton Sceviour wins face-off versus Frans Nielsen in Kings zone.
0:50 of 1st period - Colton Sceviour is hit by Rickard Rakell.
1:12 of 1st period - Shot by J.T. Brown.
1:12 of 1st period - Stopped by Cory Schneider without a rebound.
1:13 of 1st period - Mikael Granlund wins face-off versus Nick Bonino in Jets zone.
1:46 of 1st period - Shot by Jason Zucker.
1:46 of 1st period - Shot Blocked by Matt Niskanen.
2:15 of 1st period - Icing by Radko Gudas.
2:16 of 1st period - Frans Nielsen wins face-off versus Derek MacKenzie in Jets zone.
2:16 of 1st period - Frans Nielsen is hit by Oscar Lindberg.
2:31 of 1st period - Cam Atkinson is hit by Niklas Kronwall and loses puck.
2:44 of 1st period - Shot by Nikita Soshnikov.
2:44 of 1st period - Shot Misses the Net.
2:50 of 1st period - Shot by Oscar Lindberg.
2:50 of 1st period - Shot Misses the Net.
3:35 of 1st period - Shot by Jamie Benn.
3:35 of 1st period - Deflect By Joe Pavelski.
3:35 of 1st period - Goal by Joe Pavelski - Kings : 0 - Jets : 2.
3:36 of 1st period - Adam Lowry wins face-off versus Colton Sceviour in neutral zone.
4:14 of 1st period - J.T. Brown is hit by Brent Seabrook and loses puck.
4:59 of 1st period - Shot by David Krejci.
4:59 of 1st period - Goal by David Krejci - Kings : 0 - Jets : 3.
5:00 of 1st period - Frans Nielsen wins face-off versus Mikael Granlund in neutral zone.
5:10 of 1st period - Shot by Rickard Rakell.
5:10 of 1st period - Shot Misses the Net.
5:12 of 1st period - Shot by Frans Nielsen.
5:12 of 1st period - Deflect By Cam Atkinson.
5:12 of 1st period - Shot Blocked by Evgeny Medvedev.
5:14 of 1st period - Shot by Radko Gudas.
5:14 of 1st period - Shot Blocked by Evgeny Medvedev.
7:15 of 1st period - Off-side.
7:16 of 1st period - Colton Sceviour wins face-off versus Jamie Benn in neutral zone.
7:32 of 1st period - J.T. Brown is hit by Tobias Enstrom.
7:54 of 1st period - David Krejci is hit by Matt Niskanen and loses puck.
8:31 of 1st period - Shot by Adam Lowry.
8:31 of 1st period - Stopped by Steve Mason with a rebound.
8:33 of 1st period - Shot by Boyd Gordon.
8:33 of 1st period - Stopped by Steve Mason without a rebound.
8:34 of 1st period - Frans Nielsen wins face-off versus Nikita Soshnikov in Kings zone.
8:37 of 1st period - Shot by Rickard Rakell.
8:37 of 1st period - Shot Misses the Net.
9:00 of 1st period - Shot by Cam Atkinson.
9:00 of 1st period - Shot Misses the Net.
10:46 of 1st period - Icing by Alexei Emelin.
10:47 of 1st period - Boyd Gordon wins face-off versus Jonathan Toews in Kings zone.
10:48 of 1st period - Shot by Adam Lowry.
10:48 of 1st period - Stopped by Steve Mason with a rebound.
11:06 of 1st period - Shot by Jonathan Toews.
11:06 of 1st period - Deflect By Daniel Sedin.
11:06 of 1st period - Shot Blocked by Brent Seabrook.
11:46 of 1st period - Shot by Jamie Benn.
11:46 of 1st period - Stopped by Steve Mason without a rebound.
11:47 of 1st period - Frans Nielsen wins face-off versus Colton Sceviour in Kings zone.
11:58 of 1st period - Shot by Colton Sceviour.
11:58 of 1st period - Shot Misses the Net.
12:47 of 1st period - Shot by Fedor Tyutin.
12:47 of 1st period - Shot Misses the Net.
12:49 of 1st period - Shot by Oscar Lindberg.
12:49 of 1st period - Stopped by Cory Schneider without a rebound.
12:50 of 1st period - Mikael Granlund wins face-off versus David Krejci in Jets zone.
12:50 of 1st period - Scott Hartnell is hit by Brent Seabrook and loses puck.
13:23 of 1st period - Shot by Jamie Benn.
13:23 of 1st period - Stopped by Steve Mason without a rebound.
13:24 of 1st period - Jonathan Toews wins face-off versus Nick Bonino in Kings zone.
13:41 of 1st period - Shot by Jonathan Toews.
13:41 of 1st period - Shot Blocked by Tobias Enstrom.
13:50 of 1st period - Off-side.
13:51 of 1st period - David Krejci wins face-off versus Colton Sceviour in neutral zone.
14:05 of 1st period - Icing by Alexei Emelin.
14:06 of 1st period - Frans Nielsen wins face-off versus Colton Sceviour in Kings zone.
14:21 of 1st period - Shot by Rickard Rakell.
14:21 of 1st period - Shot Misses the Net.
14:39 of 1st period - Shot by Chris Kunitz.
14:39 of 1st period - Stopped by Cory Schneider without a rebound.
14:40 of 1st period - David Krejci wins face-off versus Jonathan Toews in Jets zone.
14:40 of 1st period - David Krejci is hit by Victor Rask.
14:54 of 1st period - Shot by Jamie Benn.
14:54 of 1st period - Shot Misses the Net.
14:56 of 1st period - Shot by Brent Seabrook.
14:56 of 1st period - Shot Misses the Net.
14:58 of 1st period - Shot by David Krejci.
14:58 of 1st period - Shot Misses the Net.
15:26 of 1st period - Shot by Jamie Benn.
15:26 of 1st period - Shot Misses the Net.
15:38 of 1st period - Shot by Patrick Eaves.
15:38 of 1st period - Stopped by Steve Mason without a rebound.
15:39 of 1st period - Mikael Granlund wins face-off versus Nick Bonino in Kings zone.
16:03 of 1st period - Minor Penalty to Mikael Granlund for Hooking.
16:04 of 1st period - Frans Nielsen wins face-off versus Jonathan Toews in Kings zone.
16:05 of 1st period - Shot by Cam Atkinson.
16:05 of 1st period - Deflect By Frans Nielsen.
16:05 of 1st period - Stopped by Steve Mason with a rebound.
16:07 of 1st period - Shot by Jamie Benn.
16:07 of 1st period - Shot Misses the Net.
16:09 of 1st period - Shot by Hampus Lindholm.
16:09 of 1st period - Stopped by Steve Mason without a rebound.
16:10 of 1st period - David Krejci wins face-off versus Jonathan Toews in Kings zone.
16:23 of 1st period - Shot by David Krejci.
16:23 of 1st period - Shot Misses the Net.
16:25 of 1st period - Shot by Hampus Lindholm.
16:25 of 1st period - Shot Misses the Net.
16:27 of 1st period - Shot by Hampus Lindholm.
16:27 of 1st period - Shot Misses the Net.
16:29 of 1st period - Shot by Brent Seabrook.
16:29 of 1st period - Shot Misses the Net.
16:31 of 1st period - Shot by David Krejci.
16:31 of 1st period - Deflect By Rickard Rakell.
16:31 of 1st period - Stopped by Steve Mason without a rebound.
16:32 of 1st period - Cam Atkinson wins face-off versus Jonathan Toews in Kings zone.
17:58 of 1st period - Shot by Joe Pavelski.
17:58 of 1st period - Deflect By David Krejci.
17:58 of 1st period - Shot Misses the Net.
18:15 of 1st period - Patrik Berglund is hit by Radko Gudas and loses puck.
18:25 of 1st period - Minor Penalty to Adam Lowry for Interference.
18:26 of 1st period - Mikael Granlund wins face-off versus Nick Bonino in Jets zone.
18:28 of 1st period - Patrik Berglund is hit by Radko Gudas.
18:42 of 1st period - Shot by Mikael Granlund.
18:42 of 1st period - Shot Misses the Net.
18:44 of 1st period - Shot by Niklas Kronwall.
18:44 of 1st period - Stopped by Cory Schneider without a rebound.
18:45 of 1st period - Jonathan Toews wins face-off versus Nick Bonino in Jets zone.
19:13 of 1st period - Shot by Jonathan Toews.
19:13 of 1st period - Shot Blocked by Hampus Lindholm.
19:15 of 1st period - Shot by Jonathan Toews.
19:15 of 1st period - Stopped by Cory Schneider with a rebound.
19:17 of 1st period - Shot by Dan Hamhuis.
19:17 of 1st period - Goal by Dan Hamhuis - Kings : 1 - Jets : 3.
19:18 of 1st period - Joe Pavelski wins face-off versus Derek MacKenzie in neutral zone.
19:55 of 1st period - Shot by Derek MacKenzie.
19:55 of 1st period - Stopped by Cory Schneider without a rebound.
19:56 of 1st period - Frans Nielsen wins face-off versus Jonathan Toews in Jets zone.
19:58 of 1st period - Hampus Lindholm is hit by Jonathan Toews and loses puck.
Goals for this period are 1 for Kings vs 3 for Jets.
Shots for this period are 7 for Kings vs 14 for Jets.

2nd period


0:01 of 2nd period - Frans Nielsen wins face-off versus Jonathan Toews in neutral zone.
0:14 of 2nd period - Shot by Cam Atkinson.
0:14 of 2nd period - Shot Blocked by Niklas Kronwall.
0:36 of 2nd period - Shot by Brent Seabrook.
0:36 of 2nd period - Stopped by Steve Mason with a rebound.
0:45 of 2nd period - Off-side.
0:46 of 2nd period - David Krejci wins face-off versus Patrik Berglund in neutral zone.
0:46 of 2nd period - Joe Pavelski is hit by Scott Hartnell and loses puck.
0:51 of 2nd period - Matt Niskanen is hit by Jamie Benn and loses puck.
2:20 of 2nd period - Shot by Victor Rask.
2:20 of 2nd period - Shot Misses the Net.
2:22 of 2nd period - Shot by Jonathan Toews.
2:22 of 2nd period - Shot Misses the Net.
2:24 of 2nd period - Shot by Dan Hamhuis.
2:24 of 2nd period - Shot Blocked by Radko Gudas.
2:40 of 2nd period - Shot by Daniel Sedin.
2:40 of 2nd period - Stopped by Cory Schneider without a rebound.
2:41 of 2nd period - Colton Sceviour wins face-off versus Frans Nielsen in Jets zone.
2:47 of 2nd period - J.T. Brown is hit by Brent Seabrook and loses puck.
3:20 of 2nd period - Shot by Chris Kunitz.
3:20 of 2nd period - Stopped by Cory Schneider without a rebound.
3:21 of 2nd period - Victor Rask wins face-off versus David Krejci in Jets zone.
3:57 of 2nd period - Shot by David Krejci.
3:57 of 2nd period - Deflect By Jamie Benn.
3:57 of 2nd period - Stopped by Steve Mason without a rebound.
3:58 of 2nd period - Boyd Gordon wins face-off versus Derek MacKenzie in Kings zone.
4:34 of 2nd period - Shot by Derek MacKenzie.
4:34 of 2nd period - Shot Misses the Net.
5:00 of 2nd period - Icing by Evgeny Medvedev.
5:01 of 2nd period - David Krejci wins face-off versus Patrik Berglund in Kings zone.
6:01 of 2nd period - Shot by Daniel Sedin.
6:01 of 2nd period - Deflect By Victor Rask.
6:01 of 2nd period - Shot Blocked by Hampus Lindholm.
6:08 of 2nd period - Icing by Jamie Benn.
6:09 of 2nd period - Colton Sceviour wins face-off versus David Krejci in Jets zone.
6:24 of 2nd period - Shot by Colton Sceviour.
6:24 of 2nd period - Stopped by Cory Schneider without a rebound.
6:25 of 2nd period - Frans Nielsen wins face-off versus Derek MacKenzie in Jets zone.
6:34 of 2nd period - Shot by Cam Atkinson.
6:34 of 2nd period - Stopped by Steve Mason with a rebound.
6:44 of 2nd period - Shot by Cam Atkinson.
6:44 of 2nd period - Goal by Cam Atkinson - Kings : 1 - Jets : 4.
6:44 of 2nd period - Scott Wedgewood enters game.
6:45 of 2nd period - Jonathan Toews wins face-off versus Nick Bonino in neutral zone.
7:05 of 2nd period - Nick Bonino is hit by Alexei Emelin and loses puck.
8:18 of 2nd period - Cam Atkinson is hit by Scott Hartnell and loses puck.
9:27 of 2nd period - Adam Lowry is hit by Fedor Tyutin and loses puck.
9:52 of 2nd period - Shot by Boyd Gordon.
9:52 of 2nd period - Shot Hit the Post.
9:54 of 2nd period - Shot by Patrick Eaves.
9:54 of 2nd period - Deflect By Adam Lowry.
9:54 of 2nd period - Shot Blocked by Colton Sceviour.
9:56 of 2nd period - Shot by Adam Lowry.
9:56 of 2nd period - Shot Misses the Net.
10:12 of 2nd period - Derek MacKenzie is hit by Adam Lowry and loses puck.
11:17 of 2nd period - Shot by Jonathan Toews.
11:17 of 2nd period - Stopped by Cory Schneider without a rebound.
11:18 of 2nd period - Mikael Granlund wins face-off versus David Krejci in Jets zone.
12:40 of 2nd period - Icing by Brent Seabrook.
12:41 of 2nd period - Frans Nielsen wins face-off versus Jonathan Toews in Jets zone.
12:51 of 2nd period - Minor Penalty to Jonathan Toews for Hooking.
12:52 of 2nd period - David Krejci wins face-off versus Colton Sceviour in Kings zone.
12:53 of 2nd period - Shot by Brent Seabrook.
12:53 of 2nd period - Stopped by Scott Wedgewood without a rebound.
12:54 of 2nd period - David Krejci wins face-off versus Colton Sceviour in Kings zone.
13:15 of 2nd period - Shot by Joe Pavelski.
13:15 of 2nd period - Shot Misses the Net.
13:45 of 2nd period - Shot by Jamie Benn.
13:45 of 2nd period - Stopped by Scott Wedgewood without a rebound.
13:46 of 2nd period - Frans Nielsen wins face-off versus Colton Sceviour in Kings zone.
13:47 of 2nd period - Shot by Jamie Benn.
13:47 of 2nd period - Stopped by Scott Wedgewood without a rebound.
13:48 of 2nd period - Frans Nielsen wins face-off versus Colton Sceviour in Kings zone.
13:57 of 2nd period - Shot by Cam Atkinson.
13:57 of 2nd period - Stopped by Scott Wedgewood without a rebound.
13:58 of 2nd period - Cam Atkinson wins face-off versus Colton Sceviour in Kings zone.
14:13 of 2nd period - Shot by Hampus Lindholm.
14:13 of 2nd period - Stopped by Scott Wedgewood with a rebound.
14:15 of 2nd period - Shot by Frans Nielsen.
14:15 of 2nd period - Deflect By Cam Atkinson.
14:15 of 2nd period - Stopped by Scott Wedgewood without a rebound.
14:16 of 2nd period - David Krejci wins face-off versus Colton Sceviour in Kings zone.
14:23 of 2nd period - Shot by Joe Pavelski.
14:23 of 2nd period - Stopped by Scott Wedgewood without a rebound.
14:24 of 2nd period - David Krejci wins face-off versus Colton Sceviour in Kings zone.
15:08 of 2nd period - Shot by Nick Bonino.
15:08 of 2nd period - Shot Misses the Net.
16:03 of 2nd period - Icing by Nick Bonino.
16:04 of 2nd period - Derek MacKenzie wins face-off versus Nick Bonino in Jets zone.
16:15 of 2nd period - Shot by Nikita Soshnikov.
16:15 of 2nd period - Stopped by Cory Schneider without a rebound.
16:16 of 2nd period - Frans Nielsen wins face-off versus Colton Sceviour in Jets zone.
16:16 of 2nd period - Frans Nielsen is hit by Chris Kunitz.
17:00 of 2nd period - Dan Hamhuis is hit by Rickard Rakell and loses puck.
17:29 of 2nd period - Shot by Jamie Benn.
17:29 of 2nd period - Stopped by Scott Wedgewood with a rebound.
17:40 of 2nd period - Shot by David Krejci.
17:40 of 2nd period - Stopped by Scott Wedgewood without a rebound.
17:41 of 2nd period - Boyd Gordon wins face-off versus Patrik Berglund in Kings zone.
17:41 of 2nd period - Boyd Gordon is hit by Evgeny Medvedev.
19:35 of 2nd period - Niklas Kronwall is hit by Rickard Rakell and loses puck.
Goals for this period are 0 for Kings vs 1 for Jets.
Shots for this period are 5 for Kings vs 13 for Jets.

3rd period


0:01 of 3rd period - Joe Pavelski wins face-off versus Jonathan Toews in neutral zone.
0:14 of 3rd period - Minor Penalty to Brent Seabrook for Diving.
0:15 of 3rd period - Nick Bonino wins face-off versus Mikael Granlund in Jets zone.
0:28 of 3rd period - Shot by Mikael Granlund.
0:28 of 3rd period - Shot Misses the Net.
0:30 of 3rd period - Shot by Niklas Kronwall.
0:30 of 3rd period - Stopped by Cory Schneider with a rebound.
0:32 of 3rd period - Shot by Matt Niskanen.
0:32 of 3rd period - Stopped by Cory Schneider without a rebound.
0:33 of 3rd period - Jonathan Toews wins face-off versus Nick Bonino in Jets zone.
0:36 of 3rd period - Shot by Daniel Sedin.
0:36 of 3rd period - Stopped by Cory Schneider without a rebound.
0:37 of 3rd period - Jonathan Toews wins face-off versus Nick Bonino in Jets zone.
1:41 of 3rd period - Shot by Mikael Granlund.
1:41 of 3rd period - Goal by Mikael Granlund - Kings : 2 - Jets : 4.
1:42 of 3rd period - David Krejci wins face-off versus Nikita Soshnikov in neutral zone.
1:55 of 3rd period - Oscar Lindberg is hit by Brent Seabrook.
2:53 of 3rd period - Shot by Cam Atkinson.
2:53 of 3rd period - Shot Blocked by Fedor Tyutin.
2:55 of 3rd period - Shot by Rickard Rakell.
2:55 of 3rd period - Stopped by Scott Wedgewood without a rebound.
2:56 of 3rd period - Nick Bonino wins face-off versus Victor Rask in Kings zone.
2:56 of 3rd period - Hampus Lindholm is hit by Niklas Kronwall and loses puck.
4:43 of 3rd period - Jamie Benn is hit by Chris Kunitz and loses puck.
5:55 of 3rd period - Shot by Frans Nielsen.
5:55 of 3rd period - Deflect By Cam Atkinson.
5:55 of 3rd period - Stopped by Scott Wedgewood without a rebound.
5:56 of 3rd period - Boyd Gordon wins face-off versus Victor Rask in Kings zone.
6:32 of 3rd period - Off-side.
6:33 of 3rd period - Mikael Granlund wins face-off versus Frans Nielsen in neutral zone.
6:35 of 3rd period - Off-side.
6:36 of 3rd period - Mikael Granlund wins face-off versus Frans Nielsen in neutral zone.
6:54 of 3rd period - Scott Hartnell is hit by Radko Gudas and loses puck.
7:05 of 3rd period - Icing by Nate Schmidt.
7:06 of 3rd period - Frans Nielsen wins face-off versus Jonathan Toews in Jets zone.
7:12 of 3rd period - Jonathan Toews is hit by Radko Gudas and loses puck.
7:23 of 3rd period - Shot by Jonathan Toews.
7:23 of 3rd period - Stopped by Cory Schneider without a rebound.
7:24 of 3rd period - Colton Sceviour wins face-off versus David Krejci in Jets zone.
8:28 of 3rd period - Daniel Sedin is hit by Patrick Eaves and loses puck.
8:59 of 3rd period - Shot by Daniel Sedin.
8:59 of 3rd period - Stopped by Cory Schneider without a rebound.
9:00 of 3rd period - Mikael Granlund wins face-off versus Frans Nielsen in Jets zone.
9:27 of 3rd period - Minor Penalty to Radko Gudas for High sticking.
9:28 of 3rd period - Nick Bonino wins face-off versus Jonathan Toews in Jets zone.
9:28 of 3rd period - Nick Bonino is hit by Scott Hartnell.
9:59 of 3rd period - Shot by Matt Niskanen.
9:59 of 3rd period - Stopped by Cory Schneider without a rebound.
10:00 of 3rd period - Mikael Granlund wins face-off versus Nick Bonino in Jets zone.
10:00 of 3rd period - Victor Rask is hit by Brent Seabrook and loses puck.
10:26 of 3rd period - Shot by Mikael Granlund.
10:26 of 3rd period - Stopped by Cory Schneider without a rebound.
10:27 of 3rd period - Frans Nielsen wins face-off versus Jonathan Toews in Jets zone.
10:27 of 3rd period - Frans Nielsen is hit by Scott Hartnell.
10:46 of 3rd period - Icing by Niklas Kronwall.
10:47 of 3rd period - Nick Bonino wins face-off versus Jonathan Toews in Kings zone.
11:33 of 3rd period - Joe Pavelski is hit by Fedor Tyutin and loses puck.
11:38 of 3rd period - Shot by Jamie Benn.
11:38 of 3rd period - Goal by Jamie Benn - Kings : 2 - Jets : 5.
11:39 of 3rd period - J.T. Brown wins face-off versus Frans Nielsen in neutral zone.
11:45 of 3rd period - Cam Atkinson is hit by Chris Kunitz and loses puck.
11:57 of 3rd period - Shot by Cam Atkinson.
11:57 of 3rd period - Shot Misses the Net.
12:02 of 3rd period - Frans Nielsen is hit by Fedor Tyutin and loses puck.
12:17 of 3rd period - Shot by Cam Atkinson.
12:17 of 3rd period - Goal by Cam Atkinson - Kings : 2 - Jets : 6.
12:18 of 3rd period - David Krejci wins face-off versus Derek MacKenzie in neutral zone.
12:54 of 3rd period - Shot by Jamie Benn.
12:54 of 3rd period - Stopped by Scott Wedgewood with a rebound.
13:29 of 3rd period - Patrick Eaves is hit by Fedor Tyutin and loses puck.
13:44 of 3rd period - Shot by Nick Bonino.
13:44 of 3rd period - Stopped by Scott Wedgewood without a rebound.
13:45 of 3rd period - Mikael Granlund wins face-off versus Frans Nielsen in Kings zone.
13:47 of 3rd period - Minor Penalty to Rickard Rakell for Tripping.
13:47 of 3rd period - Minor Penalty to Scott Hartnell for Interference.
13:48 of 3rd period - Frans Nielsen wins face-off versus Jonathan Toews in neutral zone.
14:26 of 3rd period - Icing by Frans Nielsen.
14:27 of 3rd period - Frans Nielsen wins face-off versus Jonathan Toews in Jets zone.
14:31 of 3rd period - Off-side.
14:32 of 3rd period - Jonathan Toews wins face-off versus Joe Pavelski in neutral zone.
15:16 of 3rd period - Shot by David Krejci.
15:16 of 3rd period - Shot Misses the Net.
15:58 of 3rd period - Icing by Radko Gudas.
15:59 of 3rd period - Mikael Granlund wins face-off versus Nick Bonino in Jets zone.
16:16 of 3rd period - Shot by Radko Gudas.
16:16 of 3rd period - Shot Misses the Net.
16:17 of 3rd period - Minor Penalty to Fedor Tyutin for Slashing.
16:18 of 3rd period - Colton Sceviour wins face-off versus David Krejci in Kings zone.
16:39 of 3rd period - Matt Niskanen is hit by Rickard Rakell and loses puck.
17:15 of 3rd period - Shot by Tobias Enstrom.
17:15 of 3rd period - Shot Blocked by Alexei Emelin.
17:17 of 3rd period - Shot by Tobias Enstrom.
17:17 of 3rd period - Stopped by Scott Wedgewood with a rebound.
17:19 of 3rd period - Shot by Tobias Enstrom.
17:19 of 3rd period - Shot Blocked by Niklas Kronwall.
17:21 of 3rd period - Shot by Jamie Benn.
17:21 of 3rd period - Deflect By Cam Atkinson.
17:21 of 3rd period - Shot Blocked by Jonathan Toews.
17:23 of 3rd period - Shot by Tyler Myers.
17:23 of 3rd period - Shot Misses the Net.
17:25 of 3rd period - Shot by Jamie Benn.
17:25 of 3rd period - Shot Misses the Net.
17:27 of 3rd period - Shot by Frans Nielsen.
17:27 of 3rd period - Stopped by Scott Wedgewood without a rebound.
17:28 of 3rd period - Derek MacKenzie wins face-off versus Frans Nielsen in Kings zone.
17:43 of 3rd period - Shot by Frans Nielsen.
17:43 of 3rd period - Shot Misses the Net.
17:45 of 3rd period - Shot by Cam Atkinson.
17:45 of 3rd period - Shot Misses the Net.
18:29 of 3rd period - Shot by Patrick Eaves.
18:29 of 3rd period - Stopped by Scott Wedgewood without a rebound.
18:30 of 3rd period - Boyd Gordon wins face-off versus Derek MacKenzie in Kings zone.
18:45 of 3rd period - Patrick Eaves is hit by Derek MacKenzie and loses puck.
19:07 of 3rd period - Icing by Derek MacKenzie.
19:08 of 3rd period - Derek MacKenzie wins face-off versus Frans Nielsen in Kings zone.
19:33 of 3rd period - Shot by Frans Nielsen.
19:33 of 3rd period - Deflect By Cam Atkinson.
19:33 of 3rd period - Shot Blocked by Evgeny Medvedev.
19:38 of 3rd period - Fedor Tyutin is hit by Rickard Rakell and loses puck.
19:42 of 3rd period - Fedor Tyutin is hit by Rickard Rakell.
Goals for this period are 1 for Kings vs 2 for Jets.
Shots for this period are 8 for Kings vs 9 for Jets.